 Dungeon Crawl Stone Soup version 0.17-a0-2055-gb4e23be (webtiles) character file.

37 Ijustatesigmund the Cutter (level 3, 0/21 HPs)
             Began as an Octopode Fire Elementalist on Oct 11, 2015.
             Slain by Ijyb (4 damage)
             ... on level 1 of the Dungeon.
             The game lasted 00:04:41 (1053 turns).

Ijustatesigmund the Cutter (OpFE)                   Turns: 1053, Time: 00:04:41

Health: 0/21       AC:  1    Str:  7    XL:     3   Next: 39%
Magic:  0/6        EV: 12    Int: 18    God:
Gold:   52         SH:  0    Dex: 12    Spells: 3 memorised, 0 levels left

rFire  . . .     SeeInvis .     d - +0 short sword
rCold  . . .     Clarity  .     (no shield)
rNeg   . . .     SustAt   .     (helmet restricted)
rPois  .         Gourm    .     (no amulet)
rElec  .         Spirit   .     (no ring)
rCorr  .         Warding  .     (no ring)
rMut   .         Stasis   .     (no ring)
MR     .....                    (no ring)
Stlth  +++.......               (no ring)
                                (no ring)
                                (no ring)
                                (no ring)

@: very slightly contaminated, not resistant to hostile enchantments, fairly
stealthy
A: almost no armour, amphibious, 8 rings, constrict 8, camouflage 1, gelatinous
body 1
a: no special abilities


You were on level 1 of the Dungeon.
You were hungry.

You visited 1 branch of the dungeon, and saw 2 of its levels.

You collected 52 gold pieces.

Inventory:

Hand Weapons
 d - a +0 short sword (weapon)
Scrolls
 e - a scroll of teleportation
Potions
 i - a potion of flight
Books
 a - a book of Flames

   Spells                             Type                      Level
   a - Flame Tongue                   Conjuration/Fire             1
   b - Throw Flame                    Conjuration/Fire             2
   c - Conjure Flame                  Conjuration/Fire             3
   d - Inner Flame                    Hexes/Fire                   3
   e - Sticky Flame                   Conjuration/Fire             4
   f - Fireball                       Conjuration/Fire             5
Comestibles
 b - a bread ration
 f - 2 beef jerkies
 g - a meat ration


   Skills:
 - Level 5.2 Short Blades
 - Level 2.0 Dodging
 + Level 2.8 Stealth
 - Level 4.9 Unarmed Combat
 - Level 2.0 Spellcasting
 + Level 1.0 Conjurations
 + Level 3.1 Fire Magic


You couldn't memorise any spells.
You knew the following spells:

 Your Spells              Type           Power        Failure   Level  Hunger
a - Flame Tongue          Conj/Fire      #....        10%         1    #......
b - Throw Flame           Conj/Fire      #.....       12%         2    ###....
c - Conjure Flame         Conj/Fire      #.......     24%         3    ###....


Dungeon Overview and Level Annotations

Branches:
Dungeon (2/15)

Altars:

Annotations:
D:1 Ijyb


Innate Abilities, Weirdness & Mutations

You cannot wear most types of armour.
You are amphibious.
You can wear up to eight rings at the same time.
You can use your tentacles to constrict eight enemies at once.
Your skin changes colour to match your surroundings (Stealth).
Your rubbery body absorbs attacks (AC +1).


Message History

Confirm with . or Enter, or press ? or * to list all spells.
Aiming: Throw Flame
Press: ? - help, Shift-Dir - straight line, f/p - Ijyb
Aim: Ijyb The puff of flame hits Ijyb.
Ijyb is lightly wounded.
Ijyb hits you.
* * * LOW HITPOINT WARNING * * *
Casting: Throw Flame
Confirm with . or Enter, or press ? or * to list all spells.
Aiming: Throw Flame
Press: ? - help, Shift-Dir - straight line, f/p - Ijyb
Aim: Ijyb (lightly wounded)
You miscast Throw Flame.
You smell smoke.
Ijyb barely misses you.
Drink which item? (? for menu, Esc to quit)
Okay, then.
You hit Ijyb. Your grab misses Ijyb. You squeeze Ijyb!
Ijyb is heavily wounded.
Ijyb hits you.
You die...

#######........##.#.# #.....####
#.....[..##.#.# ###'###
#........##.#.# #...#
#........##.#.# #.8.#
#........##.#.# #...#
#........>....# #####
####..........# #..........#
###########.....@....#######
...............g.....##....#
##########...........##....######
.#########............'....'(....
.........#..........###....######
.........#............#....#
.........#............#....#
.........#....######..#....######
..)....>.#....# #.............


You could see Ijyb.

Vanquished Creatures
  An adder (D:2)
  A giant gecko (D:1)
  2 goblins (D:1)
  2 jackals (D:1)
  2 bats (D:1)
  2 giant newts (D:1)
  2 kobolds (D:1)
  A rat (D:1)
13 creatures vanquished.

Notes
Turn   | Place    | Note
--------------------------------------------------------------
     0 | D:1      | Ijustatesigmund the Octopode Fire Elementalist began the quest for the Orb.
     0 | D:1      | Reached XP level 1. HP: 11/11 MP: 3/3
   315 | D:1      | Reached skill level 1 in Short Blades
   424 | D:1      | Reached skill level 5 in Short Blades
   424 | D:1      | Reached XP level 2. HP: 17/17 MP: 5/5
   428 | D:1      | Learned a level 2 spell: Throw Flame
   517 | D:1      | Reached XP level 3. HP: 19/21 MP: 3/6
   551 | D:1      | Learned a level 3 spell: Conjure Flame
  1038 | D:2      | Noticed Ijyb
  1053 | D:1      | Slain by Ijyb

Vault maps used:
D:1:      minmay_arrival_stair_chambers
D:2:      ecumenical_altar_2, minmay_rat_gold_closets, uniq_iyjb,
          uniq_crazy_yiuf_cottage

Action                   || total
-------------------------++-------
Melee: Short sword       ||    23
 Cast: Flame Tongue      ||     7
       Throw Flame       ||     4
  Use: Scroll            ||     5
       Potion            ||     1
 Stab: Sleeping          ||     6
